 Dungeon Crawl Stone Soup version 0.29.1-1-gd02db6906a (webtiles) character file.

Game seed: 7508801128698104805

1155 smilodon the Covert (level 8, -1/52 HPs)
             Began as a Vampire Enchanter on Sept 28, 2022.
             Was a Follower of Kikubaaqudgha.
             Slain by an orc warrior
             ... wielding a +0 scimitar
              (17 damage)
             ... on level 5 of the Dungeon on Sept 30, 2022.
             The game lasted 00:20:48 (5100 turns).

smilodon the Covert (Vampire Enchanter)             Turns: 5100, Time: 00:20:49

Health: -1/52      AC:  5    Str:  7    XL:     8   Next: 16%
Magic:  1/11       EV: 14    Int: 18    God:    Kikubaaqudgha [*.....]
Gold:   386        SH:  0    Dex: 16    Spells: 1/11 levels left

rFire   . . .      SeeInvis +   h - +1 short sword (speed)
rCold   . . .      Faith    .   (no shield)
rNeg    . . .      Spirit   .   g - +0 leather armour
rPois   .          Reflect  .   (no helmet)
rElec   .          Harm     .   (no cloak)
rCorr   +          Rampage  .   (no gloves)
Will    .....                   q - +1 pair of boots
Stlth   ++++......              r - amulet of regeneration
HPRegen 1.17/turn               o - ring of resist corrosion
MPRegen 0.12/turn               (no ring)

@: healing quickly
A: alive, fangs 3, see invisible, vampiric 2
a: Exsanguinate, Renounce Religion, Unearth Wretches


You were on level 5 of the Dungeon.
You worshipped Kikubaaqudgha.
Kikubaaqudgha was aware of your devotion.
You visited 1 branch of the dungeon, and saw 5 of its levels.

You collected 386 gold pieces.

Inventory:

Hand Weapons
 a - a +1 dagger
 e - a +0 dagger of draining
 h - a +1 short sword of speed (weapon)
Missiles
 m - a throwing net (quivered)
Armour
 b - a +0 robe
 c - a +0 ring mail
 g - a +0 leather armour (worn)
 q - a +1 pair of boots (worn)
Jewellery
 o - a ring of resist corrosion (left hand)
 r - an amulet of regeneration (around neck)
Wands
 p - a wand of roots (4)
 t - a wand of acid (3)
Scrolls
 d - a scroll of immolation
 k - 3 scrolls of poison
 l - 2 scrolls of noise
 n - a scroll of blinking {unknown}
Potions
 f - a potion of cancellation
 i - 2 potions of magic
 j - 2 potions of curing
 s - a potion of berserk rage
 u - 2 potions of might {unknown}
 v - a potion of flight {unknown}


   Skills:
 + Level 5.4 Short Blades
 + Level 5.7 Dodging
 + Level 8.8 Stealth
 + Level 2.3 Spellcasting
 + Level 4.7 Hexes
 + Level 4.3 Necromancy


You had one spell level left.
You knew the following spells:

 Your Spells              Type           Power      Damage    Failure   Level
a - Confusing Touch       Hex            19%        N/A       11%         3
b - Tukima's Dance        Hex            19%        N/A       11%         3
c - Necrotise             Necr           68%        1d7       4%          1
d - Vampiric Draining     Necr           17%        2d7       14%         3

Your spell library contained the following spells:

 Spells                   Type           Power      Damage    Failure   Level
 Shock                    Conj/Air       8%         1d3       26%         1
 Sublimation of Blood     Necr           17%        N/A       7%          2
 Ensorcelled Hibernation  Hex/Ice        20%        N/A       16%         2
 Dazzling Flash           Conj/Hex       20%        N/A       30%         3
 Anguish                  Hex/Necr       9%         N/A       38%         4
 Swiftness                Air            2%         N/A       63%         3
 Airstrike                Air            1%         2d(1-17)  95%         4
 Summon Ice Beast         Ice/Summ       2%         N/A       95%         4
 Summon Mana Viper        Hex/Summ       10%        N/A       95%         5
 Monstrous Menagerie      Summ           1%         N/A       100%        7


Dungeon Overview and Level Annotations

Branches:
Dungeon (5/15)
 Temple: D:4-7

Altars:
Dithmenos
Gozag
Kikubaaqudgha
Xom

Shops:
D:4 **


Innate Abilities, Weirdness & Mutations

Your natural rate of healing is accelerated.
You have razor-sharp teeth.
You have supernaturally acute eyesight. (SInv)
You are afflicted with vampirism and can become a bat while bloodless.


Message History

Your magical contamination has completely faded away.
You hit the orc warrior but do no damage.
Your bite misses the orc warrior.
The orc warrior hits you with a +0 scimitar!
You barely miss the orc warrior. You bite the orc warrior.
The orc warrior is lightly wounded.
Casting: Tukima's Dance (dangerous; 11% risk of failure)
Confirm with . or Enter, or press ? or * to list all spells.
You don't have enough magic to cast this spell.
Unknown command.
You closely miss the orc warrior.
The orc warrior is lightly wounded.
The orc warrior hits you but does no damage.
You barely miss the orc warrior.
The orc warrior is lightly wounded.
You hit the orc warrior but do no damage.
The orc warrior is lightly wounded.
The orc warrior completely misses you.
You closely miss the orc warrior.
The orc warrior is lightly wounded.
You barely miss the orc warrior.
The orc warrior is lightly wounded.
The orc warrior hits you with a +0 scimitar!
You barely miss the orc warrior. You bite the orc warrior.
The orc warrior is lightly wounded.
Casting: Tukima's Dance (dangerous; 11% risk of failure)
Confirm with . or Enter, or press ? or * to list all spells.
You don't have enough magic to cast this spell.
You hit the orc warrior.
The orc warrior is lightly wounded.
The orc warrior hits you with a +0 scimitar!
* * * LOW HITPOINT WARNING * * *
Casting: Tukima's Dance (dangerous; 11% risk of failure)
Confirm with . or Enter, or press ? or * to list all spells.
You don't have enough magic to cast this spell.
You closely miss the orc warrior.
The orc warrior is lightly wounded.
The orc warrior hits you with a +0 scimitar!
You die...
Kikubaaqudgha rasps: "You have failed me!
Welcome... death!"

#.#####.##. .....##....
#.. ### # #....... #..#
##.# ## #.#####.... ..#
#..###.# #.#........ ..#
##.)[#.#.#.......#.#
#.###.8##.##...#.##.....
#.#.#)..o#.#.###.##.##.#
#.#.))8@.###........##.#
#.........##.....##.##.#
#.#..###..##.....##.##.#
#.#.###.#..#....###.....
#.###.####......###.##.#
#.##.....###.#......##.#
#............#######...#
#.....###.##### ###.###
###.......##.. #.....#


You could see an orc warrior.

Vanquished Creatures
  A black bear (D:5)
  2 ice beasts (D:5)
  An ogre (D:5)
  A centaur (D:5)
  Blork the orc (D:4)
  A gnoll sergeant (D:5)
  A scorpion (D:4)
  A hound (D:5)
  2 orc priests
  A gnoll bouda (D:5)
  2 iguanas (D:5)
  Jessica (D:2)
  2 orc wizards
  6 gnolls
  8 adders
  2 ufetubi
  A worm (D:2)
  10 orcs
  6 endoplasms
  2 giant cockroaches
  11 goblins
  3 hobgoblins
  3 quokkas
  10 ball pythons
  4 bats
  6 frilled lizards
  8 kobolds
  6 rats
103 creatures vanquished.

Vanquished Creatures (collateral kills)
  An ogre (D:4)
  An orc wizard (D:5)
  3 orcs (D:5)
5 creatures vanquished.

Vanquished Creatures (others)
  4 dancing weapons
  8 fungi (D:4)
12 creatures vanquished.

Grand Total: 120 creatures vanquished

Notes
Turn   | Place    | Note
-------+----------+-------------------------------------------
     0 | D:1      | smilodon the Vampire Enchanter began the quest for the Orb.
     0 | D:1      | Reached XP level 1. HP: 13/13 MP: 3/3
   165 | D:1      | Reached XP level 2. HP: 12/19 MP: 5/5
   469 | D:1      | Reached skill level 5 in Stealth
  1018 | D:2      | Gained mutation: You are afflicted with vampirism and can
                  | become a bat while bloodless. [Vampire growth]
  1018 | D:2      | Reached XP level 3. HP: 20/24 MP: 6/6
  1033 | D:2      | Identified the +0 leather armour of the Shoals {Int+2
                  | Dex+2}
  1182 | D:2      | Noticed Jessica
  1191 | D:2      | Killed Jessica
  1421 | D:2      | Reached XP level 4. HP: 30/30 MP: 7/7
  1472 | D:2      | Learned a level 3 spell: Confusing Touch
  1476 | D:2      | Learned a level 3 spell: Tukima's Dance
  2320 | D:3      | Reached skill level 6 in Stealth
  2332 | D:3      | Found an ancient bone altar of Kikubaaqudgha.
  2379 | D:3      | Became a worshipper of Kikubaaqudgha
  2502 | D:3      | Found a faded altar of an unknown god.
  2771 | D:4      | Noticed a scorpion
  2778 | D:4      | Killed a scorpion
  2779 | D:4      | Reached skill level 1 in Necromancy
  2779 | D:4      | Reached XP level 5. HP: 35/35 MP: 8/8
  2914 | D:4      | Noticed Blork the orc
  2924 | D:4      | Killed Blork the orc
  2925 | D:4      | Reached XP level 6. HP: 41/41 MP: 2/9
  3059 | D:4      | Found a shadowy altar of Dithmenos.
  3104 | D:4      | Reached skill level 7 in Stealth
  3640 | D:4      | Found Kuskif's Specific Store.
  3642 | D:4      | Found Sullox's General Store.
  3896 | D:5      | Entered Level 5 of the Dungeon
  4039 | D:5      | Noticed an ice beast
  4050 | D:5      | Killed an ice beast
  4051 | D:5      | Reached XP level 7. HP: 46/46 MP: 10/10
  4092 | D:5      | Reached * piety under Kikubaaqudgha
  4092 | D:5      | Received a gift from Kikubaaqudgha
  4111 | D:5      | Reached skill level 5 in Dodging
  4111 | D:5      | Reached skill level 8 in Stealth
  4305 | D:5      | Reached skill level 5 in Short Blades
  4374 | D:5      | Learned a level 1 spell: Necrotise
  4378 | D:5      | Learned a level 3 spell: Vampiric Draining
  4643 | D:5      | Found a shimmering altar of Xom.
  4889 | D:5      | Found an opulent altar of Gozag.
  4916 | D:5      | Reached XP level 8. HP: 42/52 MP: 6/11
  5100 | D:5      | Slain by an orc warrior

Illustrated notes

Levels and vault maps discovered:
D:1:      dpeg_arrival_signposts, layout_loops_ring
D:2:      mumra_celtic_spiral_tile, layout_basic, glass_columns_b,
          minmay_tromino_v7, uniq_jessica
D:3:      layout_loops_ring, kiku_gazebo_pond_becter, basic_ecumenical_altar
D:4:      layout_basic, grunt_dithmenos_smoke_and_mirrors,
          mainiacjoe_overflow_six_doors_small, dreamdust_mushroom_princess,
          st_stairs_13, nicolae_specific_store, uniq_blork_the_orc
D:5:      layout_loops_cross, nicolae_gozag_cash_rules_everything_around_me,
          general_overflow_altar, hangedman_abyss_or_decor_slice,
          guppyfry_early_orc_mine

Skill      XL: |  1  2  3  4  5  6  7 |
---------------+----------------------+-----
Stealth        | 5 6 7 8 |  8.8
Short Blades   | 2 3 4 5 |  5.4
Dodging        | 3 4 5 |  5.7
Necromancy     | 1 2 4 |  4.3
Spellcasting   | |  2.3
Hexes          | |  4.7

Action                   |  1- 3 |  4- 6 |  7- 9 || total
-------------------------+-------+-------+-------++-------
Melee: Dagger            |    44 |       |       ||    44
       Bite              |     7 |    14 |    21 ||    42
       Short sword       |    40 |   202 |   158 ||   400
       Punch             |       |     2 |     2 ||     4
 Cast: Tukima's Dance    |       |     8 |    11 ||    19
       Confusing Touch   |       |     6 |     3 ||     9
       Necrotise         |       |       |     2 ||     2
Invok: Unearth Wretches  |       |       |     1 ||     1
Evoke: Wand              |       |       |     2 ||     2
  Use: Scroll            |     4 |     6 |     1 ||    11
       Potion            |     1 |     3 |     5 ||     9
 Stab: Sleeping          |    13 |    17 |     3 ||    33
       Invisible         |     1 |     2 |       ||     3
       Confused          |       |     2 |     3 ||     5
       Paralysed         |       |       |     1 ||     1
Armor: Robe              |     8 |       |       ||     8
       Leather armour    |    11 |    35 |    18 ||    64
       Ring mail         |       |     1 |    27 ||    28
       Skin              |       |       |    25 ||    25
Dodge: Dodged            |    37 |   102 |    86 ||   225
